 Dungeon Sprint DCSS version 0.24-a0-132-ge4b1dce (webtiles) character file.

Game seed: 11746685093384063259

624 Faca the Spear-Bearer (level 7, -2/67 HPs)
             Began as a Merfolk Gladiator on Feb 27, 2019.
             Was a Priest of Uskayaw.
             Slain by a phantasmal warrior (29 damage)
             ... in the Dungeon (Sprint VII: "The Pits").
             The game lasted 00:04:48 (1017 turns).

Faca the Spear-Bearer (Merfolk Gladiator)           Turns: 1017, Time: 00:04:49

Health: -2/67      AC:  9    Str: 14    XL:     7   Next: 47%
Magic:  11/11      EV: 15    Int:  8    God:    Uskayaw [***...]
Gold:   0          SH:  0    Dex: 17    Spells: 6/6 levels left

rFire    . . .     SeeInvis .   p - +0 trident (pierce)
rCold    . . .     Gourm    .   (no shield)
rNeg     . . .     Faith    .   e - +3 ring mail
rPois    .         Spirit   .   c - +0 helmet
rElec    .         Reflect  .   (no cloak)
rCorr    .         Harm     .   (no gloves)
MR       .....     NoTele   +   (no boots)
Stlth    +.........             (no amulet)
HPRegen  0.21/turn              (no ring)
MPRegen  0.12/turn              (no ring)

@: vulnerable
A: change form in water, swift swim, stealthy swim
a: Stomp, Line Pass, Renounce Religion


You were in the Dungeon.
You worshipped Uskayaw.
Uskayaw was noncommittal.
You were not hungry.

You visited 1 branch

Inventory:

Hand Weapons
 l - a +2 trident
 p - a +0 trident of piercing (weapon)
Missiles
 d - 3 throwing nets (quivered)
Armour
 c - a +0 helmet (worn)
 e - a +3 ring mail (worn)
Scrolls
 k - a scroll of blinking
 m - 3 scrolls of remove curse
 o - a scroll of summoning
Potions
 a - 2 potions of invisibility
 g - 5 potions of heal wounds
 h - a potion of haste
 i - 4 potions of magic
 j - 3 potions of berserk rage
 n - 5 potions of curing
Comestibles
 b - 7 chunks of flesh
 f - 9 rations


   Skills:
 + Level 10.8 Fighting
 + Level 13.9 Polearms
 - Level 2.0 Throwing
 + Level 8.0 Dodging
 + Level 5.5 Invocations


You had 6 spell levels left.
You didn't know any spells.
Your spell library was empty.

Dungeon Overview and Level Annotations

Branches:
Dungeon (1/1)

Altars:
Ashenzari
Cheibriados
Dithmenos
Elyvilon
Fedhas
Gozag
Hepliaklqana
Kikubaaqudgha
Makhleb
Nemelex Xobeh
Okawaru
Qazlal
Ru
Sif Muna
Trog
Uskayaw
Vehumet
Wu Jian
Xom
Yredelemnul
Zin
The Shining One
Beogh
Jiyva
Lugonu


Message History

The phantasmal warrior is severely damaged.
The phantasmal warrior hits you!
* * * LOW HITPOINT WARNING * * *
You hit the phantasmal warrior.
The phantasmal warrior is almost destroyed.
You hit the phantasmal warrior but do no damage.
The phantasmal warrior is almost destroyed.
The phantasmal warrior hits you but does no damage.
You feel much better.
The phantasmal warrior closely misses you.
Some of the chunks of flesh in your inventory have rotted away.
You closely miss the phantasmal warrior.
The phantasmal warrior is almost destroyed.
You hit the phantasmal warrior.
The phantasmal warrior is almost destroyed.
The phantasmal warrior hits you!
You hit the phantasmal warrior but do no damage.
The phantasmal warrior is almost destroyed.
The phantasmal warrior hits you!!
You die...

#)#........##.......#
#)###########.......#
#.......# #########
#..#.#..# #.##.##.#
#.......#+#
#.##.##.#.+
#..#.#..#W#
#.......@.#
###########


You could see a phantasmal warrior.

Vanquished Creatures
  Duvessa (D)
  An orc warrior (D)
  2 ogres (D)
  A big kobold (D)
  Dowan (D)
  An orc priest (D)
  2 orc wizards (D)
  2 gnolls (D)
  An adder (D)
  An ufetubus (D)
  An adder skeleton (D)
  A leopard gecko (D)
  7 orcs (D)
  A goblin (D)
  A ball python (D)
  A frilled lizard (D)
  A rat (D)
26 creatures vanquished.

Notes
Turn   | Place    | Note
-------+----------+-------------------------------------------
     0 | D        | Faca the Merfolk Gladiator began the quest for the Orb.
     0 | D        | Reached XP level 1. HP: 16/16 MP: 1/1
    28 | D        | Reached skill level 5 in Polearms
    60 | D        | Found a bloodstained altar of Trog.
    60 | D        | Found a deep blue altar of Sif Muna.
    60 | D        | Found a viscous altar of Jiyva.
    60 | D        | Found a hazy altar of Hepliaklqana.
    60 | D        | Found an opulent altar of Gozag.
    61 | D        | Found a glowing golden altar of the Shining One.
    61 | D        | Found a glowing silver altar of Zin.
    61 | D        | Found a basalt altar of Yredelemnul.
    61 | D        | Found a shimmering altar of Xom.
    61 | D        | Found an ornate altar of the Wu Jian Council.
    61 | D        | Found a sacrificial altar of Ru.
    61 | D        | Found a stormy altar of Qazlal.
    61 | D        | Found an iron altar of Okawaru.
    61 | D        | Found a sparkling altar of Nemelex Xobeh.
    61 | D        | Found a burning altar of Makhleb.
    61 | D        | Found a blossoming altar of Fedhas.
    61 | D        | Found a white marble altar of Elyvilon.
    61 | D        | Found a shadowy altar of Dithmenos.
    61 | D        | Found a snail-covered altar of Cheibriados.
    62 | D        | Found a radiant altar of Vehumet.
    62 | D        | Found a corrupted altar of Lugonu.
    62 | D        | Found a roughly hewn altar of Beogh.
    63 | D        | Found an ancient bone altar of Kikubaaqudgha.
    63 | D        | Found a hide-covered altar of Uskayaw.
    63 | D        | Found a shattered altar of Ashenzari.
    71 | D        | Became a worshipper of Uskayaw the Reveler
    97 | D        | Reached * piety under Uskayaw
   100 | D        | Reached ** piety under Uskayaw
   104 | D        | Reached skill level 6 in Polearms
   104 | D        | Reached XP level 2. HP: 5/25 MP: 2/2
   387 | D        | Reached skill level 5 in Fighting
   387 | D        | Reached skill level 7 in Polearms
   387 | D        | Reached XP level 3. HP: 17/33 MP: 3/3
   457 | D        | Noticed an ogre
   552 | D        | Killed an ogre
   552 | D        | Reached skill level 10 in Polearms
   552 | D        | Reached XP level 4. HP: 43/43 MP: 4/4
   552 | D        | Reached XP level 5. HP: 48/48 MP: 5/5
   552 | D        | Reached *** piety under Uskayaw
   719 | D        | Noticed a big kobold
   720 | D        | Noticed an orc warrior
   745 | D        | Reached skill level 11 in Polearms
   746 | D        | Reached **** piety under Uskayaw
   748 | D        | Killed a big kobold
   748 | D        | Reached skill level 12 in Polearms
   753 | D        | Reached XP level 6. HP: 43/59 MP: 6/6
   755 | D        | Reached ***** piety under Uskayaw
   848 | D        | Noticed Dowan
   861 | D        | Reached skill level 1 in Invocations
   863 | D        | Killed an orc warrior
   863 | D        | Reached skill level 10 in Fighting
   863 | D        | Reached skill level 13 in Polearms
   866 | D        | Killed Dowan
   872 | D        | Noticed Duvessa
   887 | D        | Killed Duvessa
   887 | D        | Reached XP level 7. HP: 50/67 MP: 8/10
   897 | D        | Reached skill level 5 in Invocations
   997 | D        | Noticed a phantasmal warrior
  1017 | D        | Slain by a phantasmal warrior

Levels and vault maps discovered:
D:        pitsprint [storerooms_1, entrance_room_1, metal_vault_2, armoury_2,
          mini_pit_1, grid_room_1, main_hall_1, silver_pit, the_coven_1,
          the_vestibule_1, steel_vault_2, golden_pit, hallway_of_sentries,
          crystal_vault_1, iron_vault_1, final_vault]

Skill      XL: |  1  2  3  4  5  6  7 |
---------------+----------------------+-----
Polearms       | 6 7 10 12 13 | 13.9
Fighting       | 4 5 7 9 10 | 10.8
Invocations    | 4 5 |  5.5
Dodging        | 7 8 |  8.0
Throwing       | |  2.0

Action                   |  1- 3 |  4- 6 |  7- 9 || total
-------------------------+-------+-------+-------++-------
Melee: Trident           |    37 |    53 |    38 ||   128
Throw: Throwing net      |     1 |       |       ||     1
  Use: Potion            |     2 |       |     1 ||     3
 Stab: Held in net/web   |     3 |       |       ||     3
       Paralysed         |       |     6 |     1 ||     7
Armor: Leather armour    |    11 |       |       ||    11
       Ring mail         |       |     5 |     4 ||     9
Dodge: Dodged            |    23 |    14 |    11 ||    48

Table legend:
 A = Non-vault XP
 B = Vault XP
 C = Vault XP percentage of total XP
 D = Non-vault monster count
 E = Vault monster count
 F = Vault count percentage of total count
                 A         B        C        D         E       F
            +---------+---------+-------+---------+---------+-------
      Total |       0 |     892 | 100.0 |       0 |      26 | 100.0
            +---------+---------+-------+---------+---------+-------
          D |       0 |     892 | 100.0 |       0 |      26 | 100.0
            +---------+---------+-------+---------+---------+-------
